Map: Tropic Shores

Players

zzerg

  • Race: Terran Terran
  • Spawn Location: 5:00

ANTOINETTE

  • Race: Terran Terran
  • Spawn Location: 5:00

OROD

  • Race: Terran Terran
  • League: Silver
  • Spawn Location: 6:00

Infamous

  • Race: Protoss Protoss
  • League: Gold
  • Spawn Location: 6:00

Phirax - Winner!

  • Race: Protoss Protoss
  • Spawn Location: 12:00

AmunRa - Winner!

  • Race: Zerg Zerg
  • Spawn Location: 0:00

Dyerstraight - Winner!

  • Race: Protoss Protoss
  • League: Diamond
  • Spawn Location: 11:00

CrEEpYCLoWn - Winner!

  • Race: Protoss Protoss
  • League: Diamond
  • Spawn Location: 12:00

VOD

Have the link to the VOD?

Description

Time

  • Played on: April 19, 2018, 9:01 a.m.
  • Length: 7:28
Show
View Real Time Build Order
Export as new Build Order

zzerg Terran 

Build Orders:  

Get SALT Encoding   

  12  0:01  SCV  
  13  0:13  SCV  
  14  0:25  SCV  
  14  0:27  Supply Depot  
  15  0:37  Refinery  
  15  0:49  SCV  
  16  1:01  SCV  
  16  1:03  Barracks  
  17  1:13  SCV  
  18  1:25  Barracks, SCV  
  19  1:27  Refinery  
  19  1:33  Supply Depot  
  19  1:37  SCV  
  20  1:49  SCV  
  21  1:56  Barracks Reactor  
  21  2:02  Bunker  
  21  2:05  Orbital Command  
  21  2:18  Barracks Reactor  
  21  2:37  Supply Depot  
  21  2:38  Reaper x2  
  21  2:42  SCV  
  24  2:55  Reaper  
  26  3:04  Reaper  
  26  3:10  Reaper  
  26  3:11  Reaper  
  28  3:26  Engineering Bay  
  29  3:27  Reaper  
  29  3:36  Reaper  
  30  3:42  Reaper  
  30  3:43  Reaper  
  32  4:27  Marine x3  
  32  4:28  Marine  
  36  4:45  Marine x4  
  28  5:03  Marine x4  
  31  5:21  Marine x4  
  28  5:38  Marine  
  28  5:39  Marine x2  
  29  5:56  Marine  
  29  5:57  Marine  
Show
View Real Time Build Order
Export as new Build Order

ANTOINETTE Terran 

Build Orders:  

Get SALT Encoding   

  12  0:04  SCV  
  13  0:21  Supply Depot  
  13  1:15  Barracks  
  13  1:17  Barracks  
  13  1:20  Barracks  
  13  1:21  Barracks  
  13  1:35  Supply Depot  
  13  1:53  SCV  
  14  2:05  SCV  
  14  2:08  Marine x3  
  17  2:09  Marine  
  19  2:21  SCV  
  20  2:25  Marine  
  20  2:27  Marine  
  20  2:28  Marine  
  23  2:35  Marine  
  24  2:38  SCV  
  25  3:13  Supply Depot  
  22  3:39  Supply Depot  
  21  3:41  Marine x2  
  21  3:42  Marine x2  
  24  3:59  Marine x4  
  24  4:02  Refinery  
  26  4:03  Refinery  
  26  4:09  Supply Depot  
  26  4:12  Supply Depot  
  24  4:27  Marine  
  24  4:28  Marine x3  
  22  4:45  Marine x2  
  22  4:46  Marine  
  25  5:27  SCV  
  26  5:32  Factory  
  26  5:33  Marine x4  
  29  5:39  SCV  
  19  6:14  Factory  
  19  6:18  Factory Tech Lab  
  19  6:55  Siege Tank  
  19  6:59  Factory Tech Lab  
  22  7:07  Command Center  
Show
View Real Time Build Order
Export as new Build Order

OROD Terran 

Build Orders:  

Get SALT Encoding   

  12  0:01  SCV  
  13  0:13  SCV  
  14  0:25  Supply Depot, SCV  
  15  0:47  SCV  
  16  1:08  Barracks x3  
  16  1:18  SCV  
  17  1:30  SCV  
  18  1:39  Barracks  
  18  1:40  Supply Depot  
  18  1:43  SCV  
  19  2:00  Marine x3  
  22  2:18  Marine x3  
  25  2:24  Supply Depot  
  25  2:27  SCV  
  25  2:28  Marine  
  27  2:35  Marine  
  27  2:36  Marine x2  
  30  2:50  Marine  
  31  2:53  Marine  
  31  2:54  Marine x2  
  34  3:08  Marine  
  34  3:11  Marine x2  
  34  3:12  Marine  
  38  3:26  Marine  
  37  3:29  Marine x3  
  34  3:43  Marine  
  34  3:47  Marine  
  36  3:51  Marine  
  36  3:52  Marine  
  38  4:01  Marine  
  36  4:04  Marine  
  36  4:09  Marine x2  
  31  4:19  Marine  
  31  4:22  Marine  
  32  4:27  Marine x2  
  33  4:37  Marine  
  29  4:40  Marine  
  29  4:44  Marine  
  29  4:45  Marine  
  27  4:55  Marine  
  27  4:58  Marine  
  29  5:02  Marine  
  29  5:03  Marine  
  31  5:12  Marine  
  32  5:16  Marine  
  32  5:20  Marine  
  32  5:21  Marine  
  35  5:30  Marine  
  35  5:34  Marine  
  34  5:38  Marine x2  
Show
View Real Time Build Order
Export as new Build Order

Infamous Protoss 

Build Orders:  

Get SALT Encoding   

  12  0:02  Probe  
  13  0:16  Probe, Pylon  
  14  0:28  Probe  
  15  0:36  Gateway  
  15  0:42  Probe  
  16  0:56  Assimilator  
  16  0:57  Probe  
  17  1:09  Probe  
  18  1:25  Probe  
  18  1:26  Cybernetics Core  
  19  1:46  Probe  
  20  1:54  Nexus  
  20  2:06  Probe  
  21  2:22  Probe  
  22  2:26  Assimilator  
  22  2:28  Pylon  
  22  2:34  Probe  
  23  2:46  Probe  
  24  2:58  Probe  
  24  3:02  Warp Gate  
  24  3:03  Robotics Facility, Zealot  
  25  3:10  Probe  
  28  3:15  Probe  
  29  3:29  Stalker  
  29  3:41  Probe x2  
  33  3:53  Observer  
  34  4:01  Probe x2  
  36  4:06  Stalker  
  36  4:13  Probe  
  36  4:14  Probe  
  40  4:19  Immortal  
  40  4:21  Pylon  
  44  4:36  Gateway  
  44  4:39  Probe x2, Pylon  
  46  4:57  Immortal  
  48  5:27  Probe  
  47  5:33  Probe  
  47  5:35  Gateway  
  47  5:36  Gateway  
  47  5:39  Probe  
Show
View Real Time Build Order
Export as new Build Order

Phirax Protoss - Winner!

Build Orders:  

Get SALT Encoding   

  12  0:01  Probe  
  13  0:14  Probe  
  14  0:20  Pylon  
  14  0:22  Probe  
  15  0:35  Probe  
  15  0:39  Gateway  
  16  0:47  Probe  
  17  0:52  Assimilator  
  17  0:59  Probe  
  18  1:05  Assimilator  
  18  1:11  Probe  
  19  1:19  Probe  
  20  1:26  Pylon  
  20  1:27  Probe  
  20  1:29  Cybernetics Core  
  21  1:48  Probe  
  22  2:00  Probe  
  23  2:02  Gateway, Warp Gate  
  23  2:39  Pylon  
  23  2:45  Stalker  
  23  2:49  Gateway, Stalker  
  27  3:08  Gateway  
  27  3:10  Pylon, Stalker  
  27  3:14  Stalker  
  31  4:51  Stalker  
  31  4:52  Stalker x3  
  39  5:23  Stalker  
  39  5:24  Stalker x3  
  45  6:36  Pylon  
  45  6:38  Pylon  
  45  6:41  Pylon  
  45  6:56  Stalker x4  
  53  7:23  Stalker x2  
  53  7:24  Stalker x2  
Show
View Real Time Build Order
Export as new Build Order

AmunRa Zerg - Winner!

Build Orders: Hatch First 

Get SALT Encoding   

  12  0:02  Drone  
  13  0:12  Overlord  
  13  0:21  Drone  
  14  0:31  Drone x2  
  14  0:34  Drone  
  17  0:58  Drone  
  17  0:59  Hatchery  
  17  1:15  Drone, Spawning Pool  
  17  1:27  Extractor  
  17  1:28  Drone x2  
  17  1:31  Drone  
  19  2:00  Overlord  
  19  2:01  Queen  
  21  2:11  Queen  
  21  2:15  Drone x4  
  27  2:26  Metabolic Boost  
  27  2:44  Spine Crawler  
  27  2:47  Spine Crawler  
  27  2:49  Spine Crawler  
  24  3:00  Zergling x10  
  24  3:01  Zergling x2  
  22  3:38  Zergling x8  
  22  3:39  Zergling x4  
  22  3:41  Overlord x2  
  21  4:09  Zergling x6  
  23  4:10  Zergling x4  
  21  4:43  Zergling x6  
  22  5:09  Drone  
  22  5:10  Drone, Hatchery  
  22  5:32  Zergling x8  
  24  6:46  Extractor  
  23  6:48  Queen  
  25  6:57  Extractor  
  24  7:02  Extractor  
  23  7:09  Drone x4  
  23  7:10  Drone x5  
Show
View Real Time Build Order
Export as new Build Order

Dyerstraight Protoss - Winner!

Build Orders:  

Get SALT Encoding   

  12  0:05  Probe  
  14  0:28  Probe  
  14  0:39  Probe  
  14  0:41  Pylon  
  15  0:43  Assimilator  
  15  0:47  Pylon  
  15  0:55  Probe  
  16  1:18  Gateway  
  15  1:23  Probe  
  16  1:31  Probe  
  16  1:39  Probe  
  18  1:52  Probe  
  19  2:04  Probe  
  19  2:05  Cybernetics Core  
  20  2:09  Assimilator  
  20  2:11  Pylon  
  20  2:12  Probe  
  20  2:21  Probe  
  22  2:34  Gateway  
  22  2:37  Gateway  
  22  2:44  Shield Battery  
  22  2:45  Shield Battery  
  22  2:47  Shield Battery  
  22  2:55  Stargate  
  22  2:57  Probe  
  23  3:04  Warp Gate  
  23  3:25  Stalker  
  23  3:31  Pylon  
  23  3:32  Pylon  
  23  3:33  Stalker  
  26  3:42  Void Ray  
  26  3:53  Probe  
  31  4:00  Stalker  
  33  4:04  Stalker  
  35  4:25  Void Ray  
  39  4:50  Pylon  
  35  5:12  Void Ray  
  39  5:15  Stalker x2  
  43  5:37  Stalker  
  43  5:38  Stalker  
  47  6:18  Nexus  
  47  6:21  Pylon  
  47  6:23  Pylon  
  47  6:31  Void Ray  
  51  6:43  Stalker x2  
  51  6:44  Stalker  
  57  7:02  Probe  
  58  7:14  Probe  
  59  7:20  Stalker  
  59  7:21  Stalker  
Show
View Real Time Build Order
Export as new Build Order

CrEEpYCLoWn Protoss - Winner!

Build Orders: Phoenix Opening 

Get SALT Encoding   

  12  0:03  Probe  
  13  0:15  Probe  
  13  0:19  Pylon  
  14  0:27  Probe  
  15  0:39  Probe  
  15  0:42  Gateway  
  16  0:56  Assimilator  
  16  0:59  Assimilator  
  16  1:14  Probe  
  17  1:23  Probe  
  17  1:31  Probe, Cybernetics Core  
  19  1:42  Probe  
  20  1:47  Pylon  
  20  1:54  Probe  
  21  2:06  Probe  
  22  2:09  Stargate  
  22  2:18  Probe, Stargate  
  23  2:30  Probe  
  24  2:49  Pylon  
  27  3:02  Phoenix  
  27  3:03  Phoenix  
  28  3:32  Phoenix  
  28  3:33  Phoenix  
  32  3:50  Forge, Nexus  
  32  4:05  Phoenix  
  15  4:49  Void Ray  
  15  5:05  Probe  
  15  5:13  Probe  
  17  5:23  Probe  
  18  5:35  Probe  
  19  5:47  Probe  
  20  5:55  Phoenix  
Tags
 
Add a new tag
Caveats
  • Supply blocks, unpowered buildings, or Contaminate may cause inaccurate times.
  • Supply counts are checked every 10 seconds.